 Dungeon Crawl Stone Soup version 0.32-a0-571-gec57dfcd37 (webtiles) character file.

Game seed: 5852428601354568333

14417 ezpacito the Trooper (level 11, -4/84 HPs)
             Began as a Demonspawn Chaos Knight on Feb 29, 2024.
             Was a Plaything of Xom.
             Slain by a minotaur
             ... wielding a +2 lajatang of electrocution
              (13 damage)
             ... in a Gauntlet.
             The game lasted 00:23:47 (8968 turns).

ezpacito the Trooper (Demonspawn Chaos Knight)      Turns: 8968, Time: 00:23:48

Health: -4/84      AC: 38    Str: 20      XL:     11   Next: 88%
Magic:  19/19      EV:  5    Int: 14      God:    Xom [..*...]
Gold:   498        SH:  0    Dex: 15 (16) Spells: 1/21 levels left

rFire   + . .        a - +0 hand axe (chaos)
rCold   + . .        (no shield)
rNeg    . . .        v - +8 orange crystal plate armour {Archmagi, Int+3 Clar}
rPois   +            h - +2 hat
rElec   .            e - scarf {rC+ rF+}
rCorr   .            u - +2 pair of gloves {Str+3}
SInv    .            w - +2 pair of boots {Fly}
Will    .....        y - amulet of regeneration Stlth
                     s - +4 ring of slaying
HPRegen 1.14/turn    P - ring of poison resistance
MPRegen 0.16/turn

%: no teleportation, clarity, archmagi
@: flying
A: hooves 2, spiny 1, weakness stinger 1, demonic touch 2, iridescent scales 2,
agile 1, deterioration 2, mutation resistance 1, wild magic 1
a: Renounce Religion


You were in a Gauntlet.
You worshipped Xom.
You were a toy of Xom.
You visited 3 branches of the dungeon, and saw 11 of its levels.
You also visited: Gauntlet.

You collected 756 gold pieces.
You spent 258 gold pieces at shops.

Inventory:

Hand Weapons
 a - a +0 hand axe of chaos (weapon)
 l - a +1 hand axe of flaming
 B - a +4 battleaxe of freezing
Missiles
 f - 5 poisoned darts (quivered)
 m - 2 javelins
 z - 12 boomerangs
 A - 2 atropa-tipped darts
 K - 2 throwing nets
Armour
 e - a scarf of resistance (worn)
 h - a +2 hat (worn)
 k - a +2 plate armour of poison resistance
 u - a +2 pair of gloves of strength (worn)
 v - the +8 orange crystal plate armour (worn) {Archmagi, Int+3 Clar}
   (You acquired it on level 6 of the Dungeon)

   Int+3:     It affects your intelligence (+3).
   Clar:      It protects you from confusion, rage, mesmerisation and fear.
 w - a +2 pair of boots of flying (worn)
 C - the +4 scale mail of Awe {rC+ Regen+ Int+3}
   (You found it on level 9 of the Dungeon)

   Int+3:     It affects your intelligence (+3).
   rC+:       It protects you from cold.
   Regen+:    It increases your rate of health regeneration.
 H - a +0 kite shield
 M - a scarf of invisibility
Magical Staves
 j - a staff of conjuration
 D - a staff of cold
Jewellery
 b - a +4 ring of protection
 s - a +4 ring of slaying (left hand)
 x - a ring of magical power
 y - an amulet of regeneration (around neck)
 E - an amulet of the acrobat
 F - a ring of protection from fire
 I - a ring of protection from cold
 L - the ring "Nifoky" {Ice rPois Str-2 SInv}
   (You found it in a Gauntlet)

   [ring of ice]

   Ice:       It enhances your ice magic.
   Str-2:     It affects your strength (-2).
   rF-:       It makes you vulnerable to fire.
   rC+:       It protects you from cold.
   rPois:     It protects you from poison SInv: It lets you see invisible.
 P - a ring of poison resistance (right hand)
Wands
 g - a wand of light (6)
Scrolls
 c - a scroll of silence
 i - a scroll of identify
 n - 3 scrolls of immolation
 p - 2 scrolls of vulnerability
 r - 2 scrolls of fog
 t - 2 scrolls of teleportation
 G - 2 scrolls of torment
Potions
 d - 2 potions of might
 q - a potion of curing


   Skills:
 * Level 7.2 Fighting
 * Level 6.9(7.4) Axes
 + Level 4.0(6.0) Polearms
 * Level 6.2 Armour
 * Level 6.1 Dodging
 + Level 4.8 Stealth
 * Level 6.0 Unarmed Combat
 * Level 5.7 Spellcasting
 + Level 4.5 Conjurations
 * Level 3.1 Necromancy
 + Level 2.2 Translocations
 + Level 2.0 Ice Magic
 + Level 4.6 Evocations


You had one spell level left.
You knew the following spells:

 Your Spells              Type           Power      Damage    Failure   Level
a - Freeze                Ice            76%        1d8       100%        1
b - Momentum Strike       Conj/Tloc      52%        3d9       100%        2
c - Gell's Gravitas       Tloc           20%        N/A       100%        3
d - Blink                 Tloc           40%        N/A       100%        2
e - Dispersal             Tloc           10%        N/A       100%        6
f - Lesser Beckoning      Tloc           40%        N/A       100%        2
s - Slow                  Hex            28%        N/A       100%        1
x - Vampiric Draining     Necr           24%        2d7       100%        3

Your spell library contained the following spells:

 Spells                   Type           Power      Damage    Failure   Level
 Confusing Touch          Hex            7%         N/A       100%        3
 Frozen Ramparts          Ice            38%        1d6       100%        3
 Hailstorm                Conj/Ice       25%        3d7       100%        3
 Sigil of Binding         Hex            7%         N/A       100%        3
 Swiftness                Air            7%         N/A       100%        3
 Teleport Other           Tloc           20%        N/A       100%        3
 Olgreb's Toxic Radiance  Alch           7%         N/A       100%        4
 Vhi's Electric Charge    Tloc/Air       28%        N/A       100%        4
 Arcjolt                  Conj/Air       10%        1d20      100%        5
 Ozocubu's Refrigeration  Ice            9%         4d9       100%        7
 Discord                  Hex            3%         N/A       100%        8
 Maxwell's Capacitive Co  Air            3%         ∞         100%        8


Dungeon Overview and Level Annotations

Branches:
Dungeon (9/15)             Temple (1/1) D:7            Lair (1/5) D:9
Gauntlet (1/1)
    Orc: D:9-12

Altars:
Ashenzari
Cheibriados
Dithmenos
Fedhas
Gozag
Hepliaklqana
Kikubaaqudgha
Makhleb
Nemelex Xobeh
Okawaru
Qazlal
Ru
Sif Muna
Uskayaw
Vehumet
Wu Jian
Xom
Yredelemnul

Shops:
D:2 [   D:3 [   D:6 *:

Annotations:
D:3 Natasha
Lair:1 jasper's ghost, journeyman OnCA Gauntlet 4 transporters


Innate Abilities, Weirdness & Mutations

You have hoof-like feet.
You are partially covered in sharp spines.
You have a small tail.
Your touch may inflict irresistible damage on your foes.
You are mostly covered in iridescent scales. (AC +4)
You are agile. (Dex +4, Str/Int -1)
Your body often deteriorates upon taking damage.
You are somewhat resistant to further mutation.
Your spells are a little harder to cast, but a little more powerful.


Message History

You enter the transporter and appear at another place.
Okay, then.
A minotaur comes into view.
It is wielding a +2 lajatang of electrocution.
Found a shimmering staff.
Found a gate leading back out of this place.
The minotaur bellows!
Aiming: Paralyse
Press: ? - help, Shift-Dir - straight line, f - minotaur
Aim: a minotaur, wielding a +2 lajatang of electrocution, wearing a +0 plate armour, wearing a ring of protection from cold and quivering javelins (chance to affect: 5%)
The minotaur resists with almost no effort.
The now-empty wand crumbles to dust.
The minotaur hits you with a +2 lajatang of electrocution.
The minotaur gores you but does no damage.
You take 2 damage, and have 82/84 hp.
You hit the minotaur but do no damage.
The minotaur hits you with a +2 lajatang of electrocution!
Your body deteriorates!
You feel clumsy.
The minotaur gores you but does no damage.
You take 14 damage, and have 68/84 hp.
You hit the minotaur but do no damage. Your touch misses the minotaur.
The minotaur hits you with a +2 lajatang of electrocution!
The minotaur barely misses you.
You take 13 damage, and have 55/84 hp.
You hit the minotaur.
You touch the minotaur!
The minotaur is lightly wounded.
The minotaur hits you with a +2 lajatang of electrocution!!
You are electrocuted!!
* * * LOW HITPOINT WARNING * * *
The minotaur gores you but does no damage.
You take 39 damage, and have 16/84 hp.
MASSIVE DAMAGE!!
Cast which spell? (? or * to list)
Okay, then.
Okay, then.
You barely miss the minotaur.
The minotaur is lightly wounded.
The minotaur hits you with a +2 lajatang of electrocution!
* * * LOW HITPOINT WARNING * * *
You are electrocuted!
You die...
Xom titters!

#############
#...........#
#.##.######.#
#....#..#.##
#.#####.#..#
##.#⌠.⌠#.##.#
#..#.∩..H.#.# #.##
#@#.# #.#######.#.#
#.........#.#
#.###########.#
#.............#
#########.#########
##≈...............≈##
#≈≈..ß©ß©ß©ß©ß©ß..≈≈#
#≈...............≈##


You could see a minotaur.

Vanquished Creatures
  Gastronok (D:8)
  A hydra (Gauntlet)
  A hell beast (Gauntlet)
  2 two-headed ogres
  A skyshark (Lair:1)
  2 elephants (Lair:1)
  A cane toad (Lair:1)
  A torpor snail (Gauntlet)
  An unseen horror zombie (D:8)
  An ice devil (Gauntlet)
  Psyche (D:8)
  A troll (D:7)
  A blink frog (Lair:1)
  Prince Ribbit (D:7)
  7 shadows
  2 wyverns
  Eustachio (D:4)
  2 steam dragons
  A hell hound (Gauntlet)
  4 water moccasins
  Duvessa (D:7)
  3 orc warriors
  An ice beast (D:7)
  A black bear (D:8)
  A sky beast (D:8)
  A hornet zombie (D:8)
  2 laughing skulls (Gauntlet)
  A crocodile (Lair:1)
  2 ogres
  10 wolves
  A phantom (D:7)
  3 centaurs
  2 bullfrogs
  7 scorpions
  2 gnoll sergeants
  14 wights
  Dowan (D:7)
  6 killer bees (D:9)
  7 howler monkeys (D:9)
  3 centaur zombies (D:8)
  3 gnoll boudas
  2 orc priests
  2 bombardier beetles (D:3)
  5 hounds
  Natasha (twice) (D:3)
  An iguana (D:5)
  10 orc wizards
  3 hell rats (D:7)
  A killer bee zombie (D:8)
  5 adders
  30 gnolls
  4 river rats (D:7)
  7 white imps
  4 ufetubi (D:7)
  4 dart slugs
  2 ribbon worms
  14 orcs
  2 bats
  8 endoplasms
  2 giant cockroaches (D:1)
  8 goblins
  7 hobgoblins
  4 jackals (D:6)
  4 kobolds
  7 quokkas
  6 ball pythons
  3 frilled lizards
  14 rats
266 creatures vanquished.

Vanquished Creatures (collateral kills)
  A kobold (D:4)
  A rat (D:7)
2 creatures vanquished.

Vanquished Creatures (others)
  2 river rats (D:7)
  A quokka (D:7)
  4 rats (D:7)
7 creatures vanquished.

Grand Total: 275 creatures vanquished

Notes
Turn   | Place    | Note
-------+----------+-------------------------------------------
     0 | D:1      | ezpacito the Demonspawn Chaos Knight began the quest for
                  | the Orb.
     0 | D:1      | Reached XP level 1. HP: 18/18 MP: 1/1
    41 | D:1      | XOM: potion effect (haste)
    85 | D:1      | Reached skill level 1 in Dodging
   112 | D:1      | Discovered your monstrous ancestry.
   112 | D:1      | Gained mutation: You have large cloven feet. [demonic
                  | ancestry]
   112 | D:1      | Reached XP level 2. HP: 22/24 MP: 2/2
   191 | D:1      | XOM: divination: detect creatures
   309 | D:1      | XOM: silly message
   355 | D:1      | XOM: silly message
   531 | D:1      | XOM: give mutations
   531 | D:1      | Gained mutation: Your system is resistant to poisons.
                  | (rPois) [Xom's mischief]
   531 | D:1      | Gained mutation: Your spells are a little harder to cast,
                  | but a little more powerful. [Xom's mischief]
   727 | D:2      | Identified the +2 leather armour of Pine {Regen+ Int+2
                  | Dex+3 Stlth-}
   771 | D:2      | XOM: give mutations
   771 | D:2      | Gained mutation: Your body sometimes deteriorates upon
                  | taking damage. [Xom's mischief]
   771 | D:2      | Lost mutation: Your system is resistant to poisons. (rPois)
                  | [Xom's mischief]
   946 | D:2      | Reached XP level 3. HP: 26/29 MP: 3/3
   960 | D:2      | Noticed an animated crystal plate armour
   968 | D:2      | Found Boalor's Armour Boutique.
   985 | D:2      | Noticed an animated crystal plate armour
  1278 | D:2      | XOM: summons 3 hostile shadow creatures
  1471 | D:2      | XOM is BORED!
  1471 | D:2      | XOM: give mutation
  1471 | D:2      | Gained mutation: You are partially covered in iridescent
                  | scales. (AC +2) [Xom's mischief]
  1508 | D:3      | Found Zin's Purification Station.
  1518 | D:3      | Reached skill level 1 in Unarmed Combat
  1518 | D:3      | Reached skill level 1 in Spellcasting
  1518 | D:3      | Gained mutation: You have a small tail. [demonic ancestry]
  1518 | D:3      | Reached XP level 4. HP: 35/35 MP: 5/5
  1524 | D:3      | Noticed Natasha
  1524 | D:3      | XOM: give mutation
  1524 | D:3      | Gained mutation: Your body often deteriorates upon taking
                  | damage. [Xom's mischief]
  1529 | D:3      | Killed Natasha
  1539 | D:3      | Found a faded altar of an unknown god.
  1670 | D:3      | Reached XP level 5. HP: 41/41 MP: 6/6
  1679 | D:3      | Noticed Natasha
  1695 | D:3      | Killed Natasha
  1696 | D:3      | Reached skill level 1 in Stealth
  1711 | D:3      | Found Loroseve's Armour Shoppe.
  1730 | D:3      | Reached skill level 1 in Evocations
  1772 | D:3      | Reached skill level 1 in Polearms
  1900 | D:3      | Noticed Natasha
  1905 | D:3      | XOM: cast spell 'Dispersal'
  2094 | D:4      | Found a shadowy altar of Dithmenos.
  2102 | D:4      | XOM: scenery: 1 doors open
  2213 | D:4      | Reached XP level 6. HP: 47/47 MP: 8/8
  2236 | D:4      | Found an opulent altar of Gozag.
  2303 | D:4      | Noticed a +0 dagger
  2304 | D:4      | Noticed a +0 spear
  2305 | D:4      | Noticed a +0 short sword
  2318 | D:4      | Noticed a +0 dagger
  2318 | D:4      | Noticed a +0 falchion
  2333 | D:4      | Reached skill level 1 in Conjurations
  2365 | D:4      | Noticed a +0 falchion
  2365 | D:4      | Noticed a +0 spear
  2366 | D:4      | Noticed a +0 short sword
  2388 | D:4      | Found a hide-covered altar of Uskayaw.
  2445 | D:4      | XOM: give mutation
  2445 | D:4      | Gained mutation: You are agile. (Dex +4, Str/Int -1) [Xom's
                  | mischief]
  2693 | D:4      | Noticed Eustachio
  2698 | D:4      | XOM: fog
  2713 | D:4      | Killed Eustachio
  2714 | D:4      | Gained mutation: You have hoof-like feet. [demonic
                  | ancestry]
  2714 | D:4      | Reached XP level 7. HP: 32/53 MP: 8/10
  2969 | D:4      | Found a shimmering blue altar of Sif Muna.
  3139 | D:5      | Entered Level 5 of the Dungeon
  3148 | D:5      | Reached skill level 4 in Fighting
  3374 | D:5      | XOM: 7-stop teleportation journey
  4001 | D:2      | Bought a +2 pair of gloves of strength for 258 gold pieces
  4129 | D:6      | XOM: cleaving
  4137 | D:6      | Gained mutation: You are partially covered in sharp spines.
                  | [demonic ancestry]
  4137 | D:6      | Reached XP level 8. HP: 16/60 MP: 11/11
  4153 | D:6      | Found Omephida's Lightly-Used Armoury.
  4297 | D:6      | XOM: fog
  4298 | D:6      | XOM: scenery: summon butterflies
  4310 | D:6      | Found Ese Camu's Book Boutique.
  4476 | D:6      | XOM: divination: detect creatures
  4498 | D:6      | XOM: summons 1 hostile demon
  4895 | D:6      | Identified a scroll of acquirement
  4895 | D:6      | Acquired the +8 orange crystal plate armour {Archmagi,
                  | Int+3 Clar}
  4895 | D:6      | Found the +8 orange crystal plate armour {Archmagi, Int+3
                  | Clar}
  4979 | D:7      | Reached skill level 5 in Fighting
  4979 | D:7      | Reached XP level 9. HP: 62/68 MP: 14/14
  4981 | D:7      | Learned a level 1 spell: Freeze
  4984 | D:7      | Learned a level 2 spell: Momentum Strike
  4988 | D:7      | Learned a level 3 spell: Gell's Gravitas
  4991 | D:7      | Learned a level 2 spell: Blink
  4998 | D:7      | Learned a level 6 spell: Dispersal
  5020 | D:7      | Noticed Dowan
  5020 | D:7      | XOM: 5-stop teleportation journey
  5056 | D:7      | XOM: god gift: 2 atropa-tipped darts
  5251 | D:7      | XOM: destruction
  5469 | D:7      | Noticed Duvessa
  5470 | D:7      | XOM: fake destruction
  5473 | D:7      | XOM: enchant monster (good)
  5481 | D:7      | Killed Dowan
  5492 | D:7      | XOM: give mutations
  5492 | D:7      | Gained mutation: You are somewhat resistant to further
                  | mutation. [Xom's grace]
  5492 | D:7      | Gained mutation: You are mostly covered in iridescent
                  | scales. (AC +4) [Xom's grace]
  5494 | D:7      | Killed Duvessa
  5495 | D:7      | Reached skill level 5 in Axes
  5612 | D:7      | Found a snail-covered altar of Cheibriados.
  5647 | D:7      | Noticed Prince Ribbit
  5657 | D:7      | Killed Prince Ribbit
  5664 | D:7      | XOM: 5-stop teleportation journey
  5691 | D:7      | Found a staircase to the Ecumenical Temple.
  5748 | D:7      | Found an iron altar of Okawaru.
  5770 | Temple   | Entered the Ecumenical Temple
  5943 | D:8      | Noticed a troll
  5997 | D:7      | Killed a troll
  6087 | D:7      | XOM: enchant monster (bad)
  6124 | D:8      | XOM: silly message
  6127 | D:8      | Got the Precepts of Exhalation and Peregrination
  6140 | D:8      | Noticed Psyche
  6140 | D:8      | XOM: 8-stop teleportation journey
  6169 | D:8      | Gained mutation: Your touch may inflict minor irresistible
                  | damage on your foes. [demonic ancestry]
  6169 | D:8      | Reached XP level 10. HP: 33/76 MP: 16/16
  6181 | D:8      | XOM: enchant monster (good)
  6186 | D:8      | Killed Psyche
  6494 | D:8      | Reached skill level 5 in Armour
  6538 | D:8      | Noticed a two-headed ogre
  6538 | D:8      | XOM: potion effect (invisibility)
  6550 | D:8      | Killed a two-headed ogre
  6551 | D:8      | Reached skill level 6 in Fighting
  6551 | D:8      | Reached skill level 5 in Dodging
  6796 | D:8      | Noticed Gastronok
  7110 | D:8      | XOM: divination: magic mapping
  7117 | D:8      | XOM: chaos cloud
  7122 | D:8      | Killed Gastronok
  7123 | D:8      | Reached skill level 5 in Unarmed Combat
  7244 | D:9      | Reached skill level 5 in Spellcasting
  7248 | D:9      | Found a staircase to the Lair.
  7257 | D:9      | XOM: god gift: 7 stones
  7264 | D:9      | Reached skill level 1 in Ice Magic
  7300 | D:9      | Reached skill level 1 in Translocations
  7315 | D:9      | XOM: polymorph killer bee -> goblin
  7339 | D:9      | Learned a level 2 spell: Lesser Beckoning
  7343 | D:9      | Learned a level 3 spell: Vampiric Draining
  7376 | D:9      | XOM: silly message
  7440 | D:9      | Gained mutation: Your touch may inflict irresistible damage
                  | on your foes. [demonic ancestry]
  7440 | D:9      | Reached XP level 11. HP: 67/83 MP: 18/18
  7448 | D:9      | Noticed a two-headed ogre
  7450 | D:9      | XOM: blink monster(s)
  7456 | D:9      | XOM: chaos upgrade
  7458 | D:9      | Killed a two-headed ogre
  7534 | D:9      | Reached skill level 1 in Necromancy
  7651 | D:9      | Identified the +4 scale mail of Awe {rC+ Regen+ Int+3}
  7891 | D:9      | XOM: silly message
  7932 | D:9      | Identified the +1 robe of Patterns {rPois}
  8134 | Lair:1   | Entered Level 1 of the Lair of Beasts
  8277 | Lair:1   | Noticed a death yak
  8277 | Lair:1   | Noticed a death yak
  8282 | Lair:1   | Noticed a death yak
  8286 | Lair:1   | XOM: swap monsters
  8287 | Lair:1   | XOM: summons 1 hostile demon
  8288 | Lair:1   | XOM: blink monster(s)
  8300 | Lair:1   | a wyvern changed into a skyshark
  8300 | Lair:1   | Noticed a skyshark
  8300 | Lair:1   | XOM: polymorph wyvern -> skyshark
  8305 | Lair:1   | Noticed jasper's ghost (journeyman OnCA)
  8310 | Lair:1   | Killed a skyshark
  8351 | Lair:1   | Found a gate leading to a gauntlet.
  8364 | Gauntlet | Entered a Gauntlet
  8364 | Gauntlet | Found a transporter.
  8505 | Gauntlet | Found a transporter.
  8508 | Gauntlet | Found a transporter.
  8509 | Gauntlet | Found a transporter.
  8517 | Gauntlet | Found a transporter.
  8520 | Gauntlet | Found a transporter.
  8521 | Gauntlet | Found a transporter.
  8524 | Gauntlet | Noticed a hell beast
  8530 | Gauntlet | Found a transporter.
  8532 | Gauntlet | Found a transporter.
  8533 | Gauntlet | Found a transporter.
  8545 | Gauntlet | Found a transporter.
  8545 | Gauntlet | Found a transporter.
  8546 | Gauntlet | Found a transporter.
  8549 | Gauntlet | Noticed a five-headed hydra
  8557 | Gauntlet | Found a transporter.
  8637 | Gauntlet | Learned a level 1 spell: Slow
  8642 | Gauntlet | XOM: confuse monster(s)
  8698 | Gauntlet | Reached skill level 7 in Fighting
  8727 | Gauntlet | Killed a hell beast
  8785 | Gauntlet | Identified the ring "Nifoky" {Ice rPois Str-2 SInv}
  8888 | Gauntlet | Killed a one-headed hydra
  8963 | Gauntlet | Noticed a minotaur
  8968 | Gauntlet | Slain by a minotaur

Illustrated notes

Levels and vault maps discovered:
D:1:      minmay_arrival_four_houses, layout_basic, st_stairs_9
D:2:      layout_basic, serial_shops, nicolae_shop_mannequins,
          minmay_tetromino_i4
D:3:      cheibrodos_old_hovel, layout_basic, zin_purify,
          hellmonk_ecumenical_altar_crossroads, serial_shops,
          nicolae_shop_rolling_square, uniq_natasha
D:4:      layout_loops_corners, amcnicky_altar_gilded,
          nicolae_gozag_cash_rules_everything_around_me, led_sif_book,
          nicolae_uskayaw_en_pointe, uniq_eustachio
D:5:      layout_cave_pods
D:6:      cheibrodos_quashed, layout_cave_pools, serial_shops,
          kennysheep_mini_moat, serial_gnoll_camp, gnoll_camp_mini_doghouse,
          gnoll_camp_medium_02, gnoll_camp_mini_hut, gnoll_camp_mini_loothouse,
          gnoll_camp_mini_hut, gnoll_camp_mini_hut, minmay_shop_damaged,
          small_statue_intersection
D:7:      lemuel_ratsnest, layout_rooms, nicolae_overflow_two_pavilions,
          mainiacjoe_overflow_surrounded_room, temple_green,
          uniq_prince_ribbit1, uniq_duvessa
D:8:      layout_cave_pools, serial_undead, serial_undead_a, serial_undead_a,
          serial_undead_d, serial_undead_e, uniq_psyche, uniq_gastronok
D:9:      layout_gridville, dpeg_oklobed_lair, minmay_fractal_squares_5
Temple:   oiseaux_autumnal_temple
Lair:1:   layout_regular_city, gauntlet_entry_generic,
          gammafunk_ghost_berserking_beasts
Gauntlet: gammafunk_gauntlet_77_escape_option [minmay_gauntlet_arena_77_mess,
          minmay_gauntlet_arena_77_broken_ladder,
          minmay_gauntlet_arena_77_terracotta_army,
          minmay_gauntlet_arena_77_chump_sandwich,
          minmay_gauntlet_arena_77_double_cross,
          dreamdust_gauntlet_exit_labyrinth]

Skill      XL: |  1  2  3  4  5  6  7  8  9 10 11 |
---------------+----------------------------------+-----
Dodging        | 1 2 3 4 5 6 |  6.1
Axes           | 3 4 5 6 |  6.9
Armour         | 2 3 4 5 6 |  6.2
Unarmed Combat | 1 2 3 4 5 6 |  6.0
Spellcasting   | 1 2 3 4 5 |  5.7
Stealth        | 1 2 3 4 |  4.8
Evocations     | 1 2 3 4 |  4.6
Polearms       | 1 2 3 4 |  4.0
Conjurations   | 1 2 3 4 |  4.5
Fighting       | 4 5 6 7 |  7.2
Ice Magic      | 1 2 |  2.0
Translocations | 1 2 |  2.2
Necromancy     | 3 |  3.1

Action                     |  1- 3 |  4- 6 |  7- 9 | 10-12 || total
---------------------------+-------+-------+-------+-------++-------
  Melee: Hand axe          |    83 |   114 |   308 |   250 ||   755
         Kick              |    18 |    32 |    14 |       ||    64
         Tailslap          |       |     7 |    59 |    47 ||   113
         Touch             |       |       |       |    55 ||    55
  Evoke: Wand              |       |       |     6 |    15 ||    21
    Use: Potion            |     3 |       |     5 |     6 ||    14
         Scroll            |     5 |     1 |    13 |     7 ||    26
   Stab: Paralysed         |     1 |       |       |     1 ||     2
         Confused          |       |       |     3 |       ||     3
         Fleeing           |       |       |     1 |       ||     1
         Invisible         |       |       |    17 |     1 ||    18
         Petrified         |       |       |    12 |       ||    12
         Petrifying        |       |       |     1 |       ||     1
         Held in net/web   |       |       |       |     2 ||     2
 Armour: Leather armour    |    56 |    84 |   132 |       ||   272
         Crystal plate arm |       |       |   216 |   362 ||   578
  Dodge: Dodged            |    44 |    72 |   217 |    99 ||   432

Table legend: (Time is in decaauts)
 A = Elapsed time spent in this place.
 B = Non-inter-level travel time spent in this place.
 C = Inter-level travel time spent in this place.
 D = Time resting spent in this place.
 E = Time spent auto-exploring this place.
 F = Levels seen in this place.
 G = Mean time per level.
                   A        B        C        D        E       F      G
               +--------+--------+--------+--------+--------+-----+--------+
         Total |   8959 |   8439 |    520 |    616 |   5643 |  12 |  746.6 |
       Dungeon |   8125 |   7605 |    520 |    392 |   5395 |   9 |  902.8 |
        Temple |      1 |      1 |      0 |      0 |      0 |   1 |    1.0 |
          Lair |    225 |    225 |      0 |      0 |     70 |   1 |  225.0 |
      Gauntlet |    605 |    605 |      0 |    224 |    178 |   1 |  605.0 |
               +--------+--------+--------+--------+--------+-----+--------+

Top non-repeatable levels by time:
     D:7: 1138 daAuts
     D:4: 1090 daAuts
     D:8: 1071 daAuts
     D:9: 922 daAuts
     D:2: 858 daAuts
     D:5: 850 daAuts
     D:6: 847 daAuts
     D:1: 708 daAuts
     D:3: 636 daAuts
Gauntlet: 605 daAuts
  Lair:1: 225 daAuts
  Temple: 1 daAuts
